 Dungeon Crawl Stone Soup version 0.29-a0-721-g7f417c9bbb (webtiles) character file.

Game seed: 12544992725309947077

1221 dolemite99 the Skirmisher (level 8, 0/139 HPs)
             Began as a Minotaur Hunter on June 27, 2022.
             Was an Initiate of Hepliaklqana.
             Slain by a kobold brigand
             ... wielding a +0 short sword
              (2 damage)
             ... on level 6 of the Dungeon.
             The game lasted 00:06:35 (5953 turns).

dolemite99 the Skirmisher (Minotaur Hunter)         Turns: 5953, Time: 00:06:36

Health: 0/139      AC: 24    Str: 14 (16) XL:     8   Next: 23%
Magic:  7/7        EV:  2    Int:  9 (12) God:    Hepliaklqana [......]
Gold:   222        SH:  0    Dex: 15 (16) Spells: 7/7 levels left

rFire   + . .      SeeInvis .   (no weapon)
rCold   + . .      Faith    .   (no shield)
rNeg    . . .      Spirit   .   (body armour currently unavailable)
rPois   +          Reflect  .   (helmet currently unavailable)
rElec   +          Harm     .   (cloak currently unavailable)
rCorr   +          Rampage  .   (gloves currently unavailable)
Will    .....      NoTele   +   (boots currently unavailable)
Stlth   ..........              (no amulet)
HPRegen 0.33/turn               h - +6 ring of intelligence
MPRegen 0.10/turn               (no ring)

@: berserking (expiring), lethally poisoned (0 -> -5), tree-form, resistant,
slowed
A: stationary, stasis, torment immunity, boosted hp, (horns 2), (retaliatory
headbutt)
a: Renounce Religion


You were on level 6 of the Dungeon.
You worshipped Hepliaklqana.
Hepliaklqana was noncommittal.
You were a tree.
You visited 2 branches of the dungeon, and saw 7 of its levels.

You collected 222 gold pieces.

Inventory:

Hand Weapons
 a - a +1 shortbow
 u - a +0 vorpal battleaxe
 v - a +0 trident
Missiles
 d - 11 poisoned darts
Armour
 c - a +0 leather armour
 g - a +0 pair of gloves (melded)
 k - the +5 chain mail of the Sky (melded) {MP+9 Int-2 Slay+2}
   (You found it on level 2 of the Dungeon)

   Int:       It affects your intelligence (-2).
   Slay:      It affects your accuracy & damage with ranged weapons and melee
   (+2).
   MP:        It affects your magic capacity (+9).
Jewellery
 h - a +6 ring of intelligence (left branch)
 r - a +6 ring of intelligence
Wands
 q - a wand of iceblast (5)
 x - a wand of digging (7)
Scrolls
 b - 2 scrolls of immolation
 l - 3 scrolls of blinking
 m - 2 scrolls of vulnerability
 y - a scroll of teleportation
Potions
 e - a potion of cancellation
 i - 2 potions of might
 n - a potion of lignification
 p - a potion of resistance


   Skills:
 - Level 2.4 Fighting
 + Level 11.6 Ranged Weapons
 - Level 2.1 Dodging
 - Level 0.7 Stealth


You had 7 spell levels left.
You didn't know any spells.
Your spell library contained the following spells:

 Spells                   Type           Power      Damage    Failure   Level
 Freeze                   Ice            0%         1d3       38%         1
 Shock                    Conj/Air       0%         1d3       38%         1
 Frozen Ramparts          Ice            0%         1d2       77%         3
 Swiftness                Air            0%         N/A       77%         3
 Airstrike                Air            0%         N/A       99%         4
 Hailstorm                Conj/Ice       0%         3d3       99%         4


Dungeon Overview and Level Annotations

Branches:
Dungeon (6/15)             Temple (1/1) D:5

Altars:
Cheibriados
Elyvilon
Fedhas
Gozag
Hepliaklqana
Makhleb
Nemelex Xobeh
Qazlal
Ru
Sif Muna
Trog
Uskayaw
Vehumet
Yredelemnul


Innate Abilities, Weirdness & Mutations

You are a tree.
Your roots penetrate the ground, keeping you stationary.
You cannot be teleported.
You are immune to unholy pain and torment.
Your maximum health is greatly increased.
Your equipment is partially melded.
((You have a pair of horns on your head.))
((You reflexively headbutt those who attack you in melee.))


Message History

You feel protected.
* * * LOW HITPOINT WARNING * * *
You feel extremely sick. The kobold hits you but does no damage.
It was a potion of berserk rage.
A red film seems to cover your vision as you go berserk!
You feel yourself moving faster!
You feel mighty!
* * * LOW HITPOINT WARNING * * *
You feel extremely sick. The kobold hits you but does no damage.
You are too berserk!
Unknown command.
You are too berserk!
Unknown command.
Unknown command.
You are now empty-handed.
You feel a strong urge to attack something.
* * * LOW HITPOINT WARNING * * *
You feel sick.
You smack the kobold!
You kill the kobold!
* * * LOW HITPOINT WARNING * * *
You feel very sick. The kobold hits you but does no damage.
You smack the kobold!
You kill the kobold!
* * * LOW HITPOINT WARNING * * *
You feel very sick.
You smack the kobold brigand!
The kobold brigand is moderately wounded.
* * * LOW HITPOINT WARNING * * *
You feel very sick.
The kobold brigand hits you with a +0 short sword.
* * * LOW HITPOINT WARNING * * *
You smack the kobold brigand!
The kobold brigand is severely wounded.
* * * LOW HITPOINT WARNING * * *
You feel sick.
The kobold brigand hits you with a +0 short sword.
You die...

..............
#.................
#.........)#######
#.)........#
#.....)..
#........
#........
#.)......
#♣K......
#........
#########


You could see a kobold brigand.

Vanquished Creatures
  A water moccasin (D:6)
  An ice beast (D:5)
  2 sky beasts (D:6)
  An ogre (D:5)
  4 scorpions
  2 hounds
  An orc priest (D:3)
  A jelly (D:5)
  A gnoll shaman (D:5)
  Jessica (D:2)
  An iguana (D:5)
  2 orc wizards
  5 gnolls
  10 adders
  2 worms
  4 dart slugs
  24 orcs
  7 bats
  4 endoplasms
  5 giant cockroaches
  6 goblins
  6 hobgoblins
  8 jackals
  3 quokkas
  9 ball pythons
  4 frilled lizards
  10 kobolds
  5 rats
130 creatures vanquished.

Notes
Turn   | Place    | Note
-------+----------+-------------------------------------------
     0 | D:1      | dolemite99 the Minotaur Hunter began the quest for the Orb.
     0 | D:1      | Reached XP level 1. HP: 18/18 MP: 0/0
    12 | D:1      | Reached XP level 2. HP: 25/25 MP: 1/1
    24 | D:1      | Reached skill level 5 in Ranged Weapons
    66 | D:1      | Found a faded altar of an unknown god.
    67 | D:1      | Noticed a floating eye
    69 | D:1      | Noticed a great orb of eyes
    69 | D:1      | Noticed a shining eye
    69 | D:1      | Noticed a shining eye
   251 | D:1      | Reached XP level 3. HP: 30/30 MP: 2/2
   818 | D:2      | Reached skill level 6 in Ranged Weapons
  1015 | D:2      | Reached XP level 4. HP: 37/37 MP: 3/3
  1048 | D:2      | Identified the +5 chain mail of the Sky {MP+9 Int-2 Slay+2}
  1229 | D:2      | Noticed Jessica
  1231 | D:2      | Killed Jessica
  1745 | D:3      | Reached skill level 7 in Ranged Weapons
  1745 | D:3      | Reached XP level 5. HP: 42/42 MP: 4/4
  3175 | D:4      | Reached skill level 8 in Ranged Weapons
  3255 | D:4      | Reached XP level 6. HP: 47/50 MP: 5/5
  3861 | D:5      | Entered Level 5 of the Dungeon
  4050 | D:5      | Found a hide-covered altar of Uskayaw.
  4153 | D:5      | Noticed an ice beast
  4164 | D:5      | Killed an ice beast
  4165 | D:5      | Reached skill level 9 in Ranged Weapons
  4165 | D:5      | Reached XP level 7. HP: 52/56 MP: 6/6
  4209 | D:5      | Found an opulent altar of Gozag.
  4311 | D:5      | Found a staircase to the Ecumenical Temple.
  4320 | Temple   | Entered the Ecumenical Temple
  4498 | Temple   | Became a worshipper of Hepliaklqana the Forgotten
  4652 | D:5      | Reached skill level 10 in Ranged Weapons
  5452 | D:6      | Reached skill level 11 in Ranged Weapons
  5452 | D:6      | Reached XP level 8. HP: 62/62 MP: 7/7
  5952 | D:6      | HP: 4/139 [kobold brigand/+0 short sword (4)]
  5953 | D:6      | Slain by a kobold brigand

Illustrated notes

Levels and vault maps discovered:
D:1:      amcnicky_arrival_double_pillar, layout_rooms,
          hellmonk_ecumenical_altar_watching_god, columned_hall_lemuel,
          minmay_tripent
D:2:      layout_loops_ring, uniq_jessica
D:3:      layout_basic, minmay_misc_feat_plants
D:4:      layout_basic
D:5:      layout_loops_cross, mainiacjoe_overflow_alcove_1, grunt_gozag_statues,
          minmay_temple_entry_sparse_star, kennysheep_nondescript
D:6:      layout_basic
Temple:   chequers_temple_sunken

Skill      XL: |  1  2  3  4  5  6  7 |
---------------+----------------------+-----
Ranged Weapons | 5 6 7 8 9 11 | 11.6
Fighting       | |  2.4
Dodging        | |  2.1
Stealth        | |  0.7

Action                   |  1- 3 |  4- 6 |  7- 9 || total
-------------------------+-------+-------+-------++-------
Melee: Unarmed           |       |     1 |     4 ||     5
       Shortbow          |       |       |     1 ||     1
       Headbutt          |       |       |     1 ||     1
 Fire: Shortbow          |   113 |   182 |    80 ||   375
  Use: Scroll            |       |     8 |     1 ||     9
       Potion            |       |       |     9 ||     9
Armor: Leather armour    |     6 |       |       ||     6
       Scale mail        |    16 |       |       ||    16
       Chain mail        |       |    86 |    29 ||   115
       Skin              |       |       |     3 ||     3
Dodge: Dodged            |    36 |    45 |    24 ||   105

Table legend: (Time is in decaauts)
 A = Elapsed time spent in this place.
 B = Non-inter-level travel time spent in this place.
 C = Inter-level travel time spent in this place.
 D = Time resting spent in this place.
 E = Time spent auto-exploring this place.
 F = Levels seen in this place.
 G = Mean time per level.
                   A        B        C        D        E       F      G
               +--------+--------+--------+--------+--------+-----+--------+
         Total |   6167 |   6001 |    166 |   1533 |   3377 |   7 |  881.0 |
       Dungeon |   5921 |   5773 |    148 |   1533 |   3189 |   6 |  986.8 |
        Temple |    246 |    228 |     18 |      0 |    188 |   1 |  246.0 |
               +--------+--------+--------+--------+--------+-----+--------+

Top non-repeatable levels by time:
     D:3: 1293 daAuts
     D:5: 1227 daAuts
     D:2: 1084 daAuts
     D:4: 853 daAuts
     D:1: 748 daAuts
     D:6: 713 daAuts
  Temple: 246 daAuts
